 Dungeon Crawl Stone Soup version 0.29-a0-824-gd827844252 (webtiles) character file.

Game seed: 3995420961614859174

48 jimonade the Shield-Bearer (level 3, 0/35 HPs)
             Began as a Gnoll Fighter on July 11, 2022.
             Killed by divine providence
             ... invoked by an orc priest
              (11 damage)
             ... on level 3 of the Dungeon.
             The game lasted 00:02:39 (1787 turns).

jimonade the Shield-Bearer (Gnoll Fighter)          Turns: 1787, Time: 00:02:40

Health: 0/35       AC: 10    Str: 15    XL:     3   Next: 72%
Magic:  4/4        EV:  6    Int:  9    God:
Gold:   92         SH:  5    Dex: 11    Spells: 4/4 levels left

rFire   . . .      SeeInvis .   a - +0 trident
rCold   . . .      Faith    .   c - +0 buckler
rNeg    . . .      Spirit   .   m - +0 chain mail
rPois   .          Reflect  .   (no helmet)
rElec   .          Harm     .   (no cloak)
rCorr   +          Rampage  .   (no gloves)
Will    .....                   (no boots)
Stlth   ..........              (no amulet)
HPRegen 0.11/turn               l - ring of resist corrosion
MPRegen 0.09/turn               (no ring)

@: no status effects
A: fangs 1, strong nose, distributed training
a: no special abilities


You were on level 3 of the Dungeon.
You visited 1 branch of the dungeon, and saw 3 of its levels.

You collected 92 gold pieces.

Inventory:

Hand Weapons
 a - a +0 trident (weapon)
 g - a +0 short sword
 j - a +0 dagger of draining
 k - a +0 whip
Missiles
 h - 20 stones (quivered)
 q - 2 poisoned darts
Armour
 b - a +0 scale mail
 c - a +0 buckler (worn)
 e - a +0 ring mail
 m - a +0 chain mail (worn)
Jewellery
 l - a ring of resist corrosion (left hand)
Wands
 o - a wand of acid (11)
Scrolls
 f - 3 scrolls of identify {unknown}
 p - a scroll of noise {unknown}
Potions
 d - 2 potions of might
 i - 4 potions of curing {unknown}
 n - a potion of attraction {unknown}


   Skills:
 + Level 6.5 Fighting
 + Level 1.0 Short Blades
 + Level 1.0 Long Blades
 + Level 1.0 Axes
 + Level 1.0 Maces & Flails
 + Level 4.6 Polearms
 + Level 1.0 Staves
 + Level 1.0 Ranged Weapons
 + Level 1.0 Throwing
 + Level 6.5 Armour
 + Level 1.0 Dodging
 + Level 1.0 Stealth
 + Level 6.5 Shields
 + Level 1.0 Unarmed Combat
 + Level 1.0 Spellcasting
 + Level 0.7 Conjurations
 + Level 0.7 Hexes
 + Level 0.7 Summonings
 + Level 0.7 Necromancy
 + Level 0.7 Translocations
 + Level 0.7 Transmutations
 + Level 0.7 Fire Magic
 + Level 0.7 Ice Magic
 + Level 0.7 Air Magic
 + Level 0.7 Earth Magic
 + Level 0.7 Poison Magic
 + Level 1.0 Invocations
 + Level 1.0 Evocations


You had 4 spell levels left.
You didn't know any spells.
Your spell library was empty.

Dungeon Overview and Level Annotations

Branches:
Dungeon (3/15)

Altars:
Nemelex Xobeh


Innate Abilities, Weirdness & Mutations

You have very sharp teeth.
Your uncanny sense of smell can sniff out nearby items.
Your experience applies equally to all skills.


Message History

You kill the adder!
Your Short Blades skill increases to level 1!
Your Long Blades skill increases to level 1!
Your Axes skill increases to level 1!
Your Maces & Flails skill increases to level 1!
Your Staves skill increases to level 1!
Your Ranged Weapons skill increases to level 1!
Your Throwing skill increases to level 1!
Your Dodging skill increases to level 1!
Your Stealth skill increases to level 1!
Your Unarmed Combat skill increases to level 1!
Your Spellcasting skill increases to level 1!
Your Evocations skill increases to level 1!
HP restored.
A ball python comes into view.
The ball python hisses angrily.
You hear a shout! x2
A ball python is nearby!
An orc priest and 2 orcs come into view.
The orc priest shouts!
The orc shouts!
An orc comes into view. It is wielding a +0 dagger.
The orc priest calls down the wrath of Beogh upon you.
Beogh smites you!
An orc comes into view. It is wielding a +0 falchion.
The orc shouts! x2
The ball python attacks as you move away!
The ball python completely misses you. You block the ball python's attack.
You closely miss the ball python. You block the ball python's attack.
The ball python grabs you. The ball python constricts you.
You escape the ball python's grasp.
You puncture the ball python!
You kill the ball python!
The orc attacks as you move away! The orc hits you with a +0 dagger.
The orc priest mumbles some strange prayers to Beogh against you.
Pain shoots through your body!
* * * LOW HITPOINT WARNING * * *
The orc attacks as you move away! The orc hits you but does no damage.
The orc throws a boomerang.
The boomerang completely misses you.
The orc priest invokes the aid of Beogh against you.
Beogh smites you!
You die...

#.# #.# #####....... #.#
#...#....... #.#
#...#.......
#.#######...#....o..
#......@....#..oo...
#........o..#.......
######........o.##...o...
#<.....##.......oo.......
#########...)...o..##...#
#..........# #
#..........# #..........#
∆ #..........#


You could see an orc priest and 4 orcs.

Vanquished Creatures
  An adder (D:3)
  5 bats
  An endoplasm (D:1)
  2 giant cockroaches (D:1)
  3 goblins
  3 jackals (D:1)
  11 ball pythons
  4 frilled lizards (D:1)
  7 kobolds
  3 rats (D:1)
40 creatures vanquished.

Notes
Turn   | Place    | Note
-------+----------+-------------------------------------------
     0 | D:1      | jimonade the Gnoll Fighter began the quest for the Orb.
     0 | D:1      | Reached XP level 1. HP: 23/23 MP: 1/1
   307 | D:1      | Reached XP level 2. HP: 29/29 MP: 2/2
   806 | D:1      | Reached XP level 3. HP: 31/35 MP: 3/3
  1053 | D:1      | Found a faded altar of an unknown god.
  1341 | D:2      | Reached skill level 1 in Invocations
  1423 | D:2      | Found a sparkling altar of Nemelex Xobeh.
  1727 | D:2      | Identified the +1 leather armour of Kodeu {+Inv Fly Int-5}
  1768 | D:3      | Reached skill level 1 in Short Blades
  1768 | D:3      | Reached skill level 1 in Long Blades
  1768 | D:3      | Reached skill level 1 in Axes
  1768 | D:3      | Reached skill level 1 in Maces & Flails
  1768 | D:3      | Reached skill level 1 in Staves
  1768 | D:3      | Reached skill level 1 in Ranged Weapons
  1768 | D:3      | Reached skill level 1 in Throwing
  1768 | D:3      | Reached skill level 1 in Dodging
  1768 | D:3      | Reached skill level 1 in Stealth
  1768 | D:3      | Reached skill level 1 in Unarmed Combat
  1768 | D:3      | Reached skill level 1 in Spellcasting
  1768 | D:3      | Reached skill level 1 in Evocations
  1787 | D:3      | Killed from afar by an orc priest

Illustrated notes

Levels and vault maps discovered:
D:1:      onia_arrival_mini_spirals, layout_basic,
          chequers_ecumenical_altar_grove
D:2:      layout_basic, basic_altar
D:3:      layout_basic, lemuel_coloured_pillars_altar, ebering_ghost_sewer_d

Skill      XL: |  1  2  3 |
---------------+----------+-----
Invocations    | 1 |  1.0
Short Blades   | 1 |  1.0
Long Blades    | 1 |  1.0
Axes           | 1 |  1.0
Maces & Flails | 1 |  1.0
Staves         | 1 |  1.0
Ranged Weapons | 1 |  1.0
Throwing       | 1 |  1.0
Dodging        | 1 |  1.0
Stealth        | 1 |  1.0
Unarmed Combat | 1 |  1.0
Spellcasting   | 1 |  1.0
Evocations     | 1 |  1.0
Fighting       | |  6.5
Polearms       | |  4.6
Armour         | |  6.5
Shields        | |  6.5
Conjurations   | |  0.7
Hexes          | |  0.7
Summonings     | |  0.7
Necromancy     | |  0.7
Translocations | |  0.7
Transmutations | |  0.7
Fire Magic     | |  0.7
Ice Magic      | |  0.7
Air Magic      | |  0.7
Earth Magic    | |  0.7
Poison Magic   | |  0.7

Action                   || total
-------------------------++-------
Melee: Trident           ||   108
       Bite              ||     7
Throw: Stone             ||     6
Armor: Scale mail        ||    23
       Chain mail        ||    10
Dodge: Dodged            ||    35
Block: Buckler           ||    24

Table legend: (Time is in decaauts)
 A = Elapsed time spent in this place.
 B = Non-inter-level travel time spent in this place.
 C = Inter-level travel time spent in this place.
 D = Time resting spent in this place.
 E = Time spent auto-exploring this place.
 F = Levels seen in this place.
 G = Mean time per level.
                   A        B        C        D        E       F      G
               +--------+--------+--------+--------+--------+-----+--------+
         Total |   1798 |   1774 |     24 |    104 |   1284 |   3 |  599.3 |
       Dungeon |   1798 |   1774 |     24 |    104 |   1284 |   3 |  599.3 |
               +--------+--------+--------+--------+--------+-----+--------+

Top non-repeatable levels by time:
     D:1: 1229 daAuts
     D:2: 532 daAuts
     D:3: 37 daAuts
